 Dungeon Crawl Stone Soup version 0.30-a0-359-gd0147acb1a (webtiles) character file.

Game seed: 1091573173465571930

282 sleeves the Slasher (level 6, -2/47 HPs)
             Began as a Demonspawn Monk on Nov 12, 2022.
             Was a Believer of Okawaru.
             Slain by a water moccasin (5 damage)
             ... on level 5 of the Dungeon.
             The game lasted 00:02:22 (4147 turns).

sleeves the Slasher (Demonspawn Monk)               Turns: 4147, Time: 00:02:22

Health: -2/47      AC:  5    Str: 12    XL:     6   Next: 6%
Magic:  6/6        EV: 11    Int: 11    God:    Okawaru [**....]
Gold:   202        SH:  0    Dex: 17    Spells: 5/5 levels left

rFire   . . .      SeeInvis .    a - +0 falchion
rCold   + . .      Faith    .    (no shield)
rNeg    . . .      Spirit   .    p - +0 ring mail
rPois   .          Reflect  .    (no helmet)
rElec   .          Harm     .    (no cloak)
rCorr   .          Rampage  .    (no gloves)
Will    .....                    (no boots)
Stlth   ..........               (no amulet)
HPRegen 0.27/turn                g - ring of protection from cold
MPRegen 0.10/turn                (no ring)

@: confused, lethally poisoned (-2 -> -11), ambrosia-drunk
A: hooves 2, foul stench 1
a: Renounce Religion, Heroism


You were on level 5 of the Dungeon.
You worshipped Okawaru.
Okawaru was pleased with you.
You visited 1 branch of the dungeon, and saw 5 of its levels.

You collected 202 gold pieces.

Inventory:

Hand Weapons
 a - a +0 falchion (weapon)
 m - a +0 long sword
   (You took it off a hobgoblin on level 2 of the Dungeon)
Armour
 p - a +0 ring mail (worn)
   (You found it on level 2 of the Dungeon)
 t - a scarf of invisibility
   (You found it on level 4 of the Dungeon)
Jewellery
 g - a ring of protection from cold (left hand)
   (You found it on level 1 of the Dungeon)
Scrolls
 b - a scroll of poison {unknown}
 e - 2 scrolls of vulnerability {unknown}
 i - 2 scrolls of enchant weapon {unknown}
 j - a scroll of enchant armour {unknown}
 k - a scroll of identify {unknown}
 l - a scroll of teleportation {unknown}
 n - a scroll of noise {unknown}
 s - a scroll of acquirement {unknown}
Potions
 d - a potion of mutation {unknown}
 f - a potion of lignification {unknown}
 h - a potion of flight {unknown}
 o - a potion of might {unknown}
 q - a potion of heal wounds {unknown}
 r - a potion of curing {unknown}


   Skills:
 - Level 3.0 Fighting
 + Level 6.2 Long Blades
 - Level 2.6 Dodging
 - Level 1.7 Stealth


You had 5 spell levels left.
You didn't know any spells.
Your spell library contained the following spells:

 Spells                   Type           Power      Damage    Failure   Level
 Beastly Appendage        Tmut           0%         N/A       63%         1
 Wereblood                Tmut           0%         N/A       77%         2
 Spider Form              Tmut/Pois      0%         N/A       94%         3


Dungeon Overview and Level Annotations

Branches:
Dungeon (5/15)
 Temple: D:4-7

Altars:
Okawaru
Vehumet


Innate Abilities, Weirdness & Mutations

You have hoof-like feet.
You may rarely emit foul miasma when damaged in melee.


Message History

You see here a +0 ring mail.
p - a +0 ring mail You start removing your armour.
You continue taking off your +0 robe. x4
You finish taking off your +0 robe.
You start putting on your armour.
You continue putting on your +0 ring mail. x5
You finish putting on your +0 ring mail.
You drop a +0 robe.
(D) Dungeon
Where to? (Enter - D:2 @ (x,y), ? - help)
There is a stone staircase leading down here.
You climb downwards.
Found a dagger and 7 stones.
There is a stone staircase leading up here.
Found a stone staircase leading down.
There is a stone staircase leading down here.
A ball python comes into view.
A ball python is nearby!
The ball python hisses angrily.
The ball python bites you but does no damage.
The ball python grabs you. The ball python constricts you.
You slash the ball python!
You kill the ball python!
Okawaru accepts your kill.
No target in view!
No target in view!
No target in view!
No target in view!
No target in view!
No target in view!
No target in view!
No target in view!
HP restored.
You open the door.
An adder comes into view.
An adder is nearby!
An adder is nearby!
The adder hisses angrily.
The adder barely misses you.
There is an open door here.
You slash the adder!
The adder is almost dead.
The adder bites you.
You closely miss the adder.
The adder is almost dead.
The adder completely misses you.
You slash the adder!
You kill the adder!
Okawaru accepts your kill.
No target in view!
No target in view!
No target in view!
No target in view!
No target in view!
No target in view!
No target in view!
You open the door.
There is an open door here.
b - a scroll labelled OCSOEXT ADARO
There is an open door here.
You open the door.
A ball python comes into view.
A ball python is nearby!
There is an open door here.
You barely miss the ball python.
You kick the ball python, but do no damage.
The ball python bites you but does no damage.
The ball python barely misses you.
You slash the ball python!
You kill the ball python!
Okawaru accepts your kill.
No target in view!
No target in view!
No target in view!
No target in view!
No target in view!
No target in view!
No target in view!
No target in view!
No target in view!
You open the door.
An adder comes into view.
An adder is nearby!
There is an open door here.
The adder hisses angrily.
The adder barely misses you. The adder bites you but does no damage.
You hit the adder but do no damage. You kick the adder.
The adder is heavily wounded.
The adder bites you but does no damage.
You miss the adder. Your kick misses the adder.
The adder is heavily wounded.
The adder bites you but does no damage.
You slash the adder!
You kill the adder!
Okawaru accepts your kill.
No target in view!
No target in view!
No target in view!
No target in view!
No target in view!
No target in view!
No target in view!
There is an open door here.
You open the door.
A ball python comes into view.
A ball python is nearby!
There is an open door here.
The ball python closely misses you. The ball python grabs you.
The ball python constricts you.
You barely miss the ball python.
The ball python bites you but does no damage.
The ball python constricts you. The ball python closely misses you.
The ball python constricts you.
You barely miss the ball python. The ball python barely misses you.
The ball python constricts you.
You hit the ball python.
You kill the ball python!
Okawaru accepts your kill.
No target in view!
No target in view!
No target in view!
No target in view!
No target in view!
No target in view!
You see here a ball python corpse.
As you open the door, it creaks loudly!
An adder comes into view.
The adder hisses angrily.
The adder barely misses you.
An adder is nearby!
You slash the adder! Your kick misses the adder.
The adder is severely wounded.
The adder bites you.
You hit the adder.
You kill the adder!
Okawaru accepts your kill.
Your Long Blades skill increases to level 5!
No target in view!
No target in view!
No target in view!
No target in view!
No target in view!
No target in view!
No target in view!
No target in view!
No target in view!
No target in view!
No target in view!
No target in view!
There is an open door, spattered with blood here.
You see here an adder corpse.
You open the door.
There is an open door here.
You open the door.
There is an open door here.
q - a fizzy emerald potion
There is an open door here.
You see here a ball python corpse.
There is an open door here.
You open the door.
A ball python comes into view.
The ball python hisses angrily.
There is an open door here.
The ball python bites you but does no damage.
The ball python closely misses you.
You hit the ball python.
You kill the ball python!
No target in view!
No target in view!
No target in view!
No target in view!
No target in view!
No target in view!
No target in view!
No target in view!
You open the door.
A ball python comes into view.
A ball python is nearby!
A ball python is nearby!
The ball python hisses angrily.
The ball python closely misses you. The ball python barely misses you.
There is an open door here.
You hit the ball python but do no damage.
You kick the ball python.
The ball python is heavily wounded.
The ball python completely misses you. The ball python barely misses you.
You barely miss the ball python. You kick the ball python.
You kill the ball python!
Okawaru accepts your kill.
No target in view!
No target in view!
No target in view!
No target in view!
No target in view!
No target in view!
No target in view!
No target in view!
No target in view!
You open the door.
An adder comes into view.
An adder is nearby!
The adder hisses angrily.
The adder completely misses you.
There is an open door here.
You miss the adder. The adder barely misses you.
You hit the adder. Your kick misses the adder.
The adder is moderately wounded.
The adder barely misses you.
You hit the adder but do no damage. Your kick misses the adder.
The adder is moderately wounded.
The adder bites you but does no damage. The adder bites you.
You hit the adder but do no damage.
The adder is moderately wounded.
The adder barely misses you.
You hit the adder. Your kick misses the adder.
The adder is severely wounded.
The adder bites you.
You hit the adder. Your kick misses the adder.
The adder is almost dead.
The adder barely misses you. The adder bites you.
You are poisoned.
The adder poisons you!
You closely miss the adder.
The adder is almost dead.
You feel sick. The adder bites you but does no damage.
You miss the adder. You kick the adder.
You kill the adder!
Okawaru accepts your kill.
You feel sick.
No target in view!
You feel sick.
You feel sick.
You feel sick.
You are no longer poisoned.
You open the door.
A ball python comes into view.
A ball python is nearby!
There is an open door here.
The ball python hisses angrily.
The ball python closely misses you. The ball python barely misses you.
The ball python bites you but does no damage.
The ball python grabs you. The ball python constricts you.
You hit the ball python. Your kick misses the ball python.
The ball python is heavily wounded.
The ball python bites you but does no damage.
The ball python constricts you.
You slash the ball python!
You kill the ball python!
Okawaru accepts your kill.
No target in view!
No target in view!
No target in view!
No target in view!
No target in view!
No target in view!
There is an open door here.
As you open the door, it creaks loudly!
A ball python comes into view.
The ball python hisses angrily.
A ball python is nearby!
You barely miss the ball python. The ball python bites you.
The ball python grabs you. The ball python constricts you.
You hit the ball python.
You kill the ball python!
Okawaru accepts your kill.
No target in view!
No target in view!
No target in view!
No target in view!
No target in view!
No target in view!
No target in view!
No target in view!
There is an open door here.
You see here a ball python corpse.
You see here a ball python corpse.
There is an open door here.
You open the door.
A ball python comes into view.
A ball python is nearby!
A ball python is nearby!
The ball python hisses angrily.
There is an open door here.
You barely miss the ball python. The ball python barely misses you. x2
The ball python closely misses you. The ball python grabs you.
The ball python constricts you.
You closely miss the ball python. The ball python closely misses you.
The ball python constricts you.
You slash the ball python!
You kill the ball python!
Okawaru accepts your kill.
No target in view!
No target in view!
No target in view!
No target in view!
No target in view!
Found a whip.
An adder comes into view.
The adder hisses angrily.
Found a cyan potion.
You see here a +0 whip.
You hit the adder but do no damage. Your kick misses the adder.
The adder closely misses you. The adder bites you but does no damage.
You hit the adder but do no damage. The adder bites you but does no damage.
You hit the adder. Your kick misses the adder.
The adder is moderately wounded.
The adder bites you but does no damage.
You closely miss the adder. You kick the adder, but do no damage.
The adder is moderately wounded.
The adder bites you but does no damage. x2
You barely miss the adder. You kick the adder.
The adder is almost dead.
The adder barely misses you.
You hit the adder.
You kill the adder!
Okawaru accepts your kill.
You have reached level 5!
You now have 130 gold pieces (gained 9).
r - a cyan potion A goblin comes into view.
It is wielding a +0 dagger.
The goblin shouts!
The goblin unwields a +0 dagger.
The goblin wields a +0 sling.
The goblin shoots a sling bullet.
The sling bullet closely misses you.
A goblin is nearby!
A goblin is nearby!
Found 13 gold pieces.
The goblin shoots a sling bullet.
The sling bullet closely misses you.
The goblin shoots a sling bullet.
The sling bullet hits you.
The goblin shoots a sling bullet.
The sling bullet closely misses you.
The goblin shoots a sling bullet.
The sling bullet hits you but does no damage.
The goblin unwields a +0 sling.
The goblin wields a +0 dagger.
The goblin hits you with a +0 dagger.
You hit the goblin.
You kill the goblin!
Okawaru accepts your kill.
No target in view!
No target in view!
No target in view!
No target in view!
No target in view!
No target in view!
No target in view!
Found a stone staircase leading down.
You now have 143 gold pieces (gained 13).
You open the door.
There is an open door here.
A hound comes into view.
The hound moves out of view.
An adder comes into view.
The adder hisses angrily.
You hear a bark!
The adder moves out of view.
You hear an angry hiss.
The adder closely misses you. The hound barely misses you.
You barely miss the hound. You kick the hound, but do no damage.
The hound bites you but does no damage. The adder barely misses you.
A ball python comes into view.
The ball python hisses angrily.
You hit the hound.
The hound is lightly wounded.
The hound misses you. The adder bites you but does no damage.
The hound barely misses you.
You barely miss the hound. You kick the hound, but do no damage.
The hound is lightly wounded.
The adder barely misses you. The hound barely misses you. The adder bites you.
You closely miss the hound.
The hound is lightly wounded.
The hound bites you. The adder barely misses you. The hound bites you.
You hit the hound. You kick the hound.
The hound is heavily wounded.
The adder bites you but does no damage. The hound bites you.
An adder comes into view.
The adder barely misses you.
The adder hisses angrily.
You hit the hound.
The hound is severely wounded.
The hound misses you. The hound bites you but does no damage.
The adder closely misses you.
You hit the hound. You kick the hound.
You kill the hound!
Okawaru accepts your kill. The adder bites you.
You are poisoned.
The adder poisons you! The ball python misses you.
The ball python closely misses you.
You miss the adder. You kick the adder.
The adder is lightly wounded.
You feel sick. The adder bites you but does no damage.
The ball python completely misses you. The ball python barely misses you.
The adder closely misses you.
The ball python bites you but does no damage.
The ball python grabs you. The ball python constricts you.
You hit the ball python. You kick the ball python.
You kill the ball python!
Okawaru accepts your kill.
You feel sick. The adder bites you.
You are too injured to fight recklessly!
You are too injured to fight recklessly!
There are monsters nearby!
There are monsters nearby!
You are too injured to fight recklessly!
You are too injured to fight recklessly!
You are too injured to fight recklessly!
You are too injured to fight recklessly!
You are too injured to fight recklessly!
You are too injured to fight recklessly!
The adder attacks as you move away! The adder barely misses you.
You feel sick.
You are no longer poisoned.
The adder closely misses you.
There are monsters nearby!
You barely miss the adder. The adder barely misses you.
You miss the adder.
The adder bites you but does no damage. x2
You slash the adder!
The adder is almost dead.
The adder bites you but does no damage.
You hit the adder but do no damage.
The adder is almost dead.
The adder bites you but does no damage.
You barely miss the adder. Your kick misses the adder.
The adder is almost dead.
The adder bites you.
You closely miss the adder.
The adder is almost dead.
The adder barely misses you. x2
You barely miss the adder.
The adder is almost dead.
The adder bites you but does no damage.
You barely miss the adder. Your kick misses the adder.
The adder is almost dead.
The adder closely misses you.
You hit the adder. You kick the adder.
You kill the adder!
Okawaru accepts your kill. The adder bites you but does no damage.
You closely miss the adder. You kick the adder, but do no damage.
The adder barely misses you.
You barely miss the adder. The adder bites you but does no damage.
You slash the adder! Your kick misses the adder.
The adder is almost dead.
The adder barely misses you.
You slash the adder!
You kill the adder!
Okawaru accepts your kill.
A jackal comes into view.
You swing at nothing.
You swing at nothing.
You swing at nothing.
You swing at nothing.
You swing at nothing.
You swing at nothing.
You swing at nothing.
A jackal comes into view.
You swing at nothing.
You swing at nothing.
The jackal barks!
You hear a bark! x2
You swing at nothing.
You swing at nothing.
A jackal comes into view.
You swing at nothing.
Unknown command.
You barely miss the jackal. The jackal closely misses you.
You closely miss the jackal. You kick the jackal, but do no damage.
The jackal closely misses you.
The jackal bites you but does no damage.
You slash the jackal!
You kill the jackal!
Okawaru accepts your kill.
You hit the jackal. Your kick misses the jackal.
The jackal is severely wounded.
The jackal bites you but does no damage. x2
You slash the jackal!
You kill the jackal!
Okawaru accepts your kill.
You swing at nothing.
You swing at nothing.
You swing at nothing.
You swing at nothing.
You swing at nothing.
You swing at nothing.
You swing at nothing.
You swing at nothing.
You swing at nothing.
You swing at nothing.
You swing at nothing.
You swing at nothing.
The jackal barks!
You swing at nothing.
You swing at nothing.
Unknown command.
A jackal is nearby!
A jackal is nearby!
A jackal is nearby!
The jackal bites you.
Things that are here:
a jackal corpse; an adder corpse You hit the jackal but do no damage.
You kick the jackal.
The jackal is heavily wounded.
The jackal bites you but does no damage. x2
You hit the jackal but do no damage. Your kick misses the jackal.
The jackal is heavily wounded.
The jackal bites you.
You slash the jackal!
You kill the jackal!
Okawaru accepts your kill.
No target in view!
No target in view!
No target in view!
No target in view!
No target in view!
No target in view!
No target in view!
No target in view!
No target in view!
No target in view!
You see here a ball python corpse.
Found a short sword.
You see here a +0 short sword.
s - a scroll labelled HAGHYWN MIGHYMP You now have 160 gold pieces (gained 17).
A ball python comes into view.
The ball python hisses angrily.
You closely miss the ball python.
The ball python bites you but does no damage.
The ball python closely misses you.
You closely miss the ball python. You kick the ball python.
The ball python is moderately wounded.
The ball python barely misses you. The ball python grabs you.
The ball python constricts you. The ball python closely misses you.
The ball python constricts you.
You slash the ball python!
You kill the ball python!
Okawaru accepts your kill.
No target in view!
No target in view!
No target in view!
No target in view!
No target in view!
No target in view!
No target in view!
No target in view!
You see here a ball python corpse.
You see here a ball python skeleton.
Things that are here:
a jackal corpse; an adder skeleton
There is an open door here.
A hobgoblin comes into view.
A hobgoblin is nearby!
A hobgoblin is nearby!
A hobgoblin is nearby!
Found a stone staircase leading up.
The hobgoblin shouts!
The hobgoblin barely misses you.
You slash the hobgoblin!
You kill the hobgoblin!
Okawaru accepts your kill.
No target in view!
No target in view!
No target in view!
No target in view!
No target in view!
No target in view!
No target in view!
No target in view!
No target in view!
Found 4 stones.
You open the door.
A ball python comes into view.
A ball python is nearby!
The ball python barely misses you. x3; The ball python grabs you.
The ball python constricts you.
There is an open door here.
You slash the ball python!
You kill the ball python!
Okawaru accepts your kill.
No target in view!
No target in view!
No target in view!
No target in view!
No target in view!
No target in view!
No target in view!
No target in view!
No target in view!
Done exploring.
Done exploring.
Done exploring.
Done exploring.
No target in view!
(D) Dungeon
Where to? (Enter - D:3, ? - help)
There is a stone staircase leading down here.
You climb downwards.
There is a stone staircase leading up here.
A kobold comes into view. It is wielding a +0 short sword.
A kobold is nearby!
The kobold barely misses you.
You hit the kobold. Your kick misses the kobold.
The kobold is heavily wounded.
The kobold closely misses you.
You closely miss the kobold. Your kick misses the kobold.
The kobold is heavily wounded.
The kobold closely misses you.
You barely miss the kobold.
The kobold is heavily wounded.
The kobold hits you with a +0 short sword.
You hit the kobold.
You kill the kobold!
Okawaru accepts your kill.
No target in view!
No target in view!
No target in view!
No target in view!
No target in view!
HP restored.
Things that are here:
a +0 short sword; 2 stones; a kobold corpse
Found a stone staircase leading down.
You now have 170 gold pieces (gained 10).
You now have 174 gold pieces (gained 4).
A howler monkey comes into view.
A howler monkey is nearby!
The howler monkey howls!
The howler monkey hoots and howls with incredible vigour!
You hear an angry hiss.
An adder comes into view.
The adder hisses angrily.
You barely miss the howler monkey. You kick the howler monkey.
The howler monkey is lightly wounded.
The howler monkey hits you but does no damage.
You hit the howler monkey.
The howler monkey is lightly wounded.
The howler monkey hits you!
An endoplasm comes into view.
The endoplasm quivers.
You slash the howler monkey! Your kick misses the howler monkey.
The howler monkey is heavily wounded.
The howler monkey hits you. The howler monkey closely misses you.
You barely miss the howler monkey.
The howler monkey is heavily wounded.
The adder misses you.
The howler monkey hoots and howls with incredible vigour!
You hear a shout!
You hear an angry hiss.
You hit the howler monkey but do no damage.
You kick the howler monkey, but do no damage.
The howler monkey is heavily wounded.
The adder bites you but does no damage. The howler monkey hits you.
You emit a cloud of foul miasma!
You hit the howler monkey but do no damage.
You kick the howler monkey.
The howler monkey is severely wounded.
The adder closely misses you.
The howler monkey is engulfed in dark miasma.
The howler monkey is poisoned.
You kill the howler monkey!
Okawaru accepts your kill. The adder closely misses you.
A hobgoblin comes into view.
Your Long Blades skill increases to level 6!
You hit the adder. You kick the adder.
The adder is severely wounded.
The adder bites you but does no damage.
You barely miss the adder. Your kick misses the adder.
The adder is severely wounded.
The adder bites you.
You are too injured to fight recklessly!
You are too injured to fight recklessly!
You are too injured to fight recklessly!
You are too injured to fight recklessly!
You are too injured to fight recklessly!
There are monsters nearby!
Unknown command.
The adder bites you.
You slash the adder!
You kill the adder!
Okawaru accepts your kill.
You hit the endoplasm.
You kick the endoplasm, but do no damage.
The endoplasm is lightly wounded.
The endoplasm hits you but does no damage.
You slash the endoplasm!
You kill the endoplasm!
Okawaru accepts your kill.
You closely miss the hobgoblin. You kick the hobgoblin.
The hobgoblin is moderately wounded.
The hobgoblin hits you.
You hit the hobgoblin but do no damage. You kick the hobgoblin.
The hobgoblin is heavily wounded.
The hobgoblin misses you.
You barely miss the hobgoblin.
The hobgoblin is heavily wounded.
The hobgoblin hits you.
You hit the hobgoblin. Your kick misses the hobgoblin.
The hobgoblin is almost dead.
The hobgoblin closely misses you.
You closely miss the hobgoblin.
The hobgoblin is almost dead.
The hobgoblin hits you.
You closely miss the hobgoblin.
The hobgoblin is almost dead.
The hobgoblin hits you but does no damage.
You barely miss the hobgoblin. Your kick misses the hobgoblin.
The hobgoblin is almost dead.
The hobgoblin hits you but does no damage.
You hit the hobgoblin.
You kill the hobgoblin!
Okawaru accepts your kill.
You swing at nothing.
You swing at nothing.
You swing at nothing.
You swing at nothing.
You swing at nothing.
You swing at nothing.
Unknown command.
A ball python comes into view.
The ball python hisses angrily.
A ball python is nearby!
A ball python is nearby!
A ball python is nearby!
The ball python bites you but does no damage.
The ball python barely misses you.
You barely miss the ball python.
The ball python bites you but does no damage.
The ball python grabs you. The ball python constricts you.
You hit the ball python.
You kill the ball python!
No target in view!
No target in view!
No target in view!
No target in view!
t - a scarf of invisibility An iguana comes into view.
An iguana is nearby!
The iguana hisses angrily.
An endoplasm comes into view.
Found 11 gold pieces.
The iguana bites you.
You completely miss the iguana. Your kick misses the iguana.
The iguana bites you but does no damage.
You barely miss the iguana. The iguana barely misses you.
You closely miss the iguana. Your kick misses the iguana. The iguana bites you.
You closely miss the iguana. The iguana closely misses you.
You closely miss the iguana. The iguana bites you.
You hit the iguana but do no damage. You kick the iguana.
The iguana is lightly wounded.
The iguana closely misses you.
You hit the iguana.
The iguana is moderately wounded.
The iguana closely misses you.
You slash the iguana!
The iguana is severely wounded.
The iguana bites you!
You are too injured to fight recklessly!
You are too injured to fight recklessly!
You are too injured to fight recklessly!
There are monsters nearby!
There are monsters nearby!
You are too injured to fight recklessly!
You are too injured to fight recklessly!
You are too injured to fight recklessly!
You barely miss the iguana. You kick the iguana, but do no damage.
The iguana is severely wounded.
The iguana bites you!
* * * LOW HITPOINT WARNING * * *
You hit the iguana. You kick the iguana.
You kill the iguana!
Okawaru accepts your kill.
You have reached level 6!
Your demonic ancestry asserts itself...
Your feet thicken and deform.
You hit the endoplasm. Your kick misses the endoplasm.
The endoplasm is severely wounded.
The endoplasm closely misses you.
You slash the endoplasm!
You kill the endoplasm!
Okawaru accepts your kill.
You see here an iguana corpse.
A ball python comes into view.
The ball python hisses angrily.
A ball python is nearby!
A ball python is nearby!
A ball python is nearby!
Found 4 gold pieces.
A goblin comes into view. It is wielding a +0 club.
Found a falchion.
A ball python comes into view.
You see here 2 gold pieces.
You barely miss the ball python. You kick the ball python.
The ball python is moderately wounded.
The goblin shouts!
A ball python comes into view.
You closely miss the ball python.
The ball python is moderately wounded.
A quokka comes into view.
The ball python barely misses you. The ball python grabs you.
The ball python constricts you.
The ball python hisses angrily.
The ball python barely misses you.
You barely miss the ball python.
The ball python is moderately wounded.
The ball python bites you but does no damage.
The ball python bites you. The ball python constricts you.
The goblin misses you.
You slash the ball python!
You kill the ball python!
Okawaru accepts your kill. The ball python barely misses you.
The ball python misses you.
The ball python bites you but does no damage.
The ball python closely misses you. The ball python bites you.
The ball python barely misses you. The goblin hits you but does no damage.
You hit the goblin.
The goblin is severely wounded.
The ball python barely misses you. x3; The ball python closely misses you.
The ball python barely misses you. The ball python grabs you.
The ball python constricts you. The goblin closely misses you.
You hit the ball python. You kick the ball python.
You kill the ball python!
Okawaru accepts your kill. The ball python barely misses you.
The ball python grabs you. The ball python constricts you.
The goblin hits you but does no damage.
You barely miss the ball python.
You kick the ball python, but do no damage.
The ball python closely misses you. The ball python constricts you.
The goblin hits you with a +0 club.
You slash the ball python!
You kill the ball python!
Okawaru accepts your kill. The goblin hits you with a +0 club.
There are monsters nearby!
There are monsters nearby!
There are monsters nearby!
You hit the goblin.
You kill the goblin!
You closely miss the quokka. The quokka barely misses you.
You hit the quokka.
You kill the quokka!
Okawaru accepts your kill.
No target in view!
No target in view!
No target in view!
No target in view!
No target in view!
No target in view!
No target in view!
No target in view!
No target in view!
You now have 176 gold pieces (gained 2).
You see here a ball python corpse.
You now have 185 gold pieces (gained 9).
You see here a ball python corpse.
You now have 189 gold pieces (gained 4).
Found a whip.
You see here a +0 whip.
Found a stone staircase leading down.
Found a stone staircase leading up.
Found a quarterstaff.
No target in view!
No target in view!
No target in view!
No target in view!
No target in view!
No target in view!
No target in view!
No target in view!
No target in view!
There is a stone staircase leading up here.
A goblin comes into view. It is wielding a +0 club.
Found a stone staircase leading up.
A goblin is nearby!
A goblin is nearby!
A goblin is nearby!
The goblin shouts!
The goblin unwields a +0 club.
The goblin wields a +0 sling.
The goblin shoots a sling bullet.
The sling bullet closely misses you.
The goblin unwields a +0 sling.
The goblin wields a +0 club.
The goblin misses you.
You closely miss the goblin. You kick the goblin, but do no damage.
The goblin closely misses you.
You hit the goblin. Your kick misses the goblin.
The goblin is moderately wounded.
The goblin completely misses you.
You hit the goblin. You kick the goblin, but do no damage.
The goblin is heavily wounded.
The goblin closely misses you.
You slash the goblin!
You kill the goblin!
Okawaru accepts your kill.
No target in view!
No target in view!
No target in view!
No target in view!
No target in view!
Things that are here:
a +0 club; a +0 sling; a goblin corpse
There is a stone staircase leading up here.
A kobold comes into view. It is wielding a +0 spear.
A kobold is nearby!
A kobold is nearby!
The kobold shouts!
The kobold hits you with a +0 spear.
You closely miss the kobold. You kick the kobold.
You kill the kobold!
Okawaru accepts your kill.
No target in view!
No target in view!
No target in view!
No target in view!
No target in view!
No target in view!
No target in view!
No target in view!
No target in view!
e - 2 scrolls labelled QUNWAW BIOW DAQ (gained 1)
Things that are here:
a +0 spear; 2 stones; a kobold corpse You now have 202 gold pieces (gained 13).
There is a stone staircase leading up here.
Found a stone staircase leading down.
There is a stone staircase leading down here.
There is a stone staircase leading down here.
Done exploring.
Done exploring.
No target in view!
No target in view!
No target in view!
No target in view!
No target in view!
No target in view!
No target in view!
No target in view!
No target in view!
No target in view!
Done exploring.
(D) Dungeon
Where to? (Enter - D:4, ? - help)
There is a stone staircase leading down here.
You climb downwards.
There is a stone staircase leading up here.
A water moccasin is nearby!
A water moccasin is nearby!
A water moccasin is nearby!
You hit the water moccasin.
The water moccasin is lightly wounded.
The water moccasin bites you.
You are poisoned.
The water moccasin poisons you! The water moccasin bites you.
You slash the water moccasin! You kick the water moccasin.
The water moccasin is severely wounded.
You feel very sick. The water moccasin misses you.
You hit the water moccasin but do no damage.
Your punch misses the water moccasin.
The water moccasin is severely wounded.
You feel very sick. The water moccasin closely misses you.
The water moccasin bites you.
You are too injured to fight recklessly!
You are too injured to fight recklessly!
You are too injured to fight recklessly!
You are too injured to fight recklessly!
You are too injured to fight recklessly!
You are too injured to fight recklessly!
You are too injured to fight recklessly!
You are too injured to fight recklessly!
You are too injured to fight recklessly!
You are too injured to fight recklessly!
You are too injured to fight recklessly!
You are too injured to fight recklessly!
You are too injured to fight recklessly!
You are too injured to fight recklessly!
You miss the water moccasin.
You kick the water moccasin, but do no damage.
The water moccasin is severely wounded.
You feel sick. The water moccasin bites you.
* * * LOW HITPOINT WARNING * * *
You are lethally poisoned!
The water moccasin poisons you!
You hit the water moccasin.
You kick the water moccasin, but do no damage.
The water moccasin is almost dead.
* * * LOW HITPOINT WARNING * * *
You feel very sick. The water moccasin bites you.
* * * LOW HITPOINT WARNING * * *
You barely miss the water moccasin.
The water moccasin is almost dead.
* * * LOW HITPOINT WARNING * * *
You feel very sick. The water moccasin closely misses you.
The water moccasin completely misses you.
You are confused.
You feel invigorated.
* * * LOW HITPOINT WARNING * * *
You feel very sick. The water moccasin barely misses you.
You miss the water moccasin. You kick the water moccasin.
The water moccasin is almost dead.
* * * LOW HITPOINT WARNING * * *
You feel very sick. The water moccasin bites you.
* * * LOW HITPOINT WARNING * * *
The water moccasin bites you.
You die...

###### #....#
#....# #.<..#
########....#
......S@#####
........+
........#
........#
#########


You could see a water moccasin.

Vanquished Creatures
  A howler monkey (D:4)
  A hound (D:3)
  An iguana (D:4)
  10 adders
  2 dart slugs
  3 orcs (D:3)
  19 ball pythons
  10 endoplasms
  5 giant cockroaches
  7 hobgoblins
  3 jackals (D:3)
  8 kobolds
  2 quokkas
  5 bats
  2 frilled lizards
  8 goblins
  6 rats
93 creatures vanquished.

Notes
Turn   | Place    | Note
-------+----------+-------------------------------------------
     0 | D:1      | sleeves the Demonspawn Monk began the quest for the Orb.
     0 | D:1      | Reached XP level 1. HP: 18/18 MP: 1/1
   121 | D:1      | Reached skill level 3 in Long Blades
   229 | D:1      | Gained mutation: You may rarely emit foul miasma when
                  | damaged in melee. [demonic ancestry]
   229 | D:1      | Reached XP level 2. HP: 24/24 MP: 2/2
   681 | D:1      | Reached XP level 3. HP: 29/29 MP: 3/3
  1106 | D:2      | Reached skill level 4 in Long Blades
  1368 | D:2      | Found an iron altar of Okawaru.
  1542 | D:2      | Became a worshipper of Warmaster Okawaru
  1542 | D:2      | Reached * piety under Okawaru
  1542 | D:2      | Reached ** piety under Okawaru
  1616 | D:2      | HP: 14/29 [poisoned by an adder]
  1620 | D:2      | Gained mutation: You have large cloven feet. [demonic
                  | ancestry]
  1620 | D:2      | Reached XP level 4. HP: 11/35 MP: 4/4
  1621 | D:2      | HP: 10/35 [poisoned by an adder]
  2222 | D:3      | Found a radiant altar of Vehumet.
  2713 | D:3      | Reached skill level 5 in Long Blades
  2842 | D:3      | Reached XP level 5. HP: 41/41 MP: 5/5
  3319 | D:4      | Reached skill level 6 in Long Blades
  3516 | D:4      | HP: 16/41 [iguana (7)]
  3518 | D:4      | Gained mutation: You have hoof-like feet. [demonic
                  | ancestry]
  3518 | D:4      | Reached XP level 6. HP: 19/47 MP: 6/6
  4137 | D:5      | Entered Level 5 of the Dungeon
  4137 | D:5      | Noticed a water moccasin
  4143 | D:5      | HP: 20/47 [water moccasin (6)]
  4145 | D:5      | HP: 7/47 [poisoned by a water moccasin]
  4147 | D:5      | HP: 3/47 [water moccasin (6)]
  4147 | D:5      | Slain by a water moccasin

Illustrated notes

Levels and vault maps discovered:
D:1:      dpeg_arrival_subterranean_lakeside_camping, layout_loops_corners,
          minmay_misc_feat_cross, hangedman_decor_peaks_small
D:2:      layout_loops_corners, basic_altar, minmay_quantized
D:3:      layout_basic, mainiacjoe_overflow_divided_tiny, minivault_24,
          minmay_snake_closets
D:4:      layout_loops_ring, minmay_circle_x
D:5:      layout_gridville, minmay_temple_entry_junction

Skill      XL: |  1  2  3  4  5 |
---------------+----------------+-----
Long Blades    | 3 4 5 6 |  6.2
Fighting       | |  3.0
Dodging        | |  2.6
Stealth        | |  1.7

Action                   |  1- 3 |  4- 6 || total
-------------------------+-------+-------++-------
Melee: Falchion          |    99 |   153 ||   252
       Punch             |     1 |       ||     1
       Kick              |       |    43 ||    43
  Use: Potion            |       |     1 ||     1
 Stab: Sleeping          |     8 |     2 ||    10
Armor: Robe              |    15 |       ||    15
       Ring mail         |       |    49 ||    49
Dodge: Dodged            |    68 |   110 ||   178

Table legend: (Time is in decaauts)
 A = Elapsed time spent in this place.
 B = Non-inter-level travel time spent in this place.
 C = Inter-level travel time spent in this place.
 D = Time resting spent in this place.
 E = Time spent auto-exploring this place.
 F = Levels seen in this place.
 G = Mean time per level.
                   A        B        C        D        E       F      G
               +--------+--------+--------+--------+--------+-----+--------+
         Total |   4162 |   3879 |    283 |      0 |   3251 |   5 |  832.4 |
       Dungeon |   4162 |   3879 |    283 |      0 |   3251 |   5 |  832.4 |
               +--------+--------+--------+--------+--------+-----+--------+

Top non-repeatable levels by time:
     D:2: 1283 daAuts
     D:1: 995 daAuts
     D:3: 962 daAuts
     D:4: 911 daAuts
     D:5: 9 daAuts
